 Dungeon Crawl Stone Soup version 0.28-a0-706-gf6f64a616a (webtiles) character file.

Game seed: 11942574152627489100

1449 Crownlay the Cleaver (level 8, -3/74 HPs)
             Began as a Hill Orc Fighter on Oct 24, 2021.
             Was a Follower of Okawaru.
             Slain by an iguana (11 damage)
             ... on level 5 of the Dungeon.
             The game lasted 00:06:52 (6246 turns).

Crownlay the Cleaver (Hill Orc Fighter)             Turns: 6246, Time: 00:06:53

Health: -3/74      AC:  8    Str: 21    XL:     8   Next: 75%
Magic:  8/8        EV:  9    Int:  8    God:    Okawaru [*.....]
Gold:   46         SH:  4    Dex: 10    Spells: 7/7 levels left

rFire   + . .      SeeInvis .   a - +0 war axe
rCold   . . .      Faith    .   c - +0 buckler
rNeg    . . .      Spirit   .   b - +0 scale mail
rPois   .          Reflect  .   l - +0 helmet
rElec   .          Harm     .   (no cloak)
rCorr   .          Rampage  .   (no gloves)
Will    .....                   (no boots)
Stlth   ..........              (no amulet)
HPRegen 0.22/turn               m - ring of protection from fire
MPRegen 0.11/turn               (no ring)

@: no status effects
A: devolution 1
a: Renounce Religion, Heroism


You were on level 5 of the Dungeon.
You worshipped Okawaru.
Okawaru was aware of your devotion.
You visited 2 branches of the dungeon, and saw 8 of its levels.

You collected 142 gold pieces.
You spent 96 gold pieces at shops.

Inventory:

Hand Weapons
 a - a +0 war axe (weapon)
Armour
 b - a +0 scale mail (worn)
 c - a +0 buckler (worn)
 l - a +0 helmet (worn)
Jewellery
 m - a ring of protection from fire (left hand)
Wands
 i - a wand of digging (4)
 n - a wand of mindburst (18)
Scrolls
 g - a scroll of acquirement {unknown}
 p - a scroll of vulnerability {unknown}
 q - 2 scrolls of amnesia {unknown}
 r - 2 scrolls of enchant armour {unknown}
Potions
 d - 3 potions of might
 e - a potion of berserk rage {unknown}
 f - a potion of brilliance {unknown}
 h - a potion of lignification {unknown}
 j - a potion of degeneration {unknown}
 k - a potion of mutation {unknown}
 o - a potion of curing {unknown}


   Skills:
 + Level 8.0 Fighting
 * Level 11.2 Axes
 - Level 3.2 Armour
 - Level 4.0 Shields


You had 7 spell levels left.
You didn't know any spells.
Your spell library was empty.

Dungeon Overview and Level Annotations

Branches:
Dungeon (7/15)             Temple (1/1) D:7

Altars:
Ashenzari
Cheibriados
Dithmenos
Elyvilon
Fedhas
Gozag
Kikubaaqudgha
Makhleb
Nemelex Xobeh
Okawaru
Qazlal
Ru
Sif Muna
Trog
Uskayaw
Vehumet
Wu Jian
Xom
Yredelemnul
Zin
The Shining One
Jiyva

Shops:
D:7 *(*

Annotations:
D:5 Edmund


Innate Abilities, Weirdness & Mutations

You have hidden genetic defects.


Message History

Edmund is lightly wounded.
Edmund hits you with a +1 flail of protection.
You hit Edmund but do no damage.
Edmund is lightly wounded.
Edmund hits you with a +1 flail of protection!
* * * LOW HITPOINT WARNING * * *
You hit Edmund.
Edmund is lightly wounded.
Edmund barely misses you.
You hit Edmund.
Edmund is moderately wounded.
An iguana comes into view.
You block Edmund's attack.
You closely miss Edmund.
Edmund is moderately wounded.
Edmund hits you with a +1 flail of protection.
* * * LOW HITPOINT WARNING * * *
You barely miss Edmund.
Edmund is moderately wounded.
You slash Edmund!
Edmund is moderately wounded.
Edmund hits you with a +1 flail of protection.
* * * LOW HITPOINT WARNING * * *
You fail to use your ability.
Edmund hits you but does no damage.
You hit Edmund but do no damage.
Edmund is moderately wounded.
You hit the iguana but do no damage. Edmund barely misses you.
The iguana closely misses you.
You hit Edmund.
Edmund is heavily wounded.
You barely miss the iguana. You block Edmund's attack.
The iguana barely misses you.
You hit Edmund but do no damage.
Edmund is heavily wounded.
You closely miss the iguana. You block Edmund's attack. The iguana bites you!
* * * LOW HITPOINT WARNING * * *
You slash the iguana!
The iguana is almost dead.
You hit Edmund. Edmund barely misses you. The iguana bites you!
You die...

..............:
............#..
...............
...............
...............
.............
#.l@.......
#.)@$......
#..........
#...<......
#.>........
#..........
##..#######
..## ####


You could see Edmund and an iguana.

Vanquished Creatures
  Sigmund (D:2)
  A shadow (D:6)
  An ice beast (D:7)
  2 ogres
  2 necrophages
  A centaur (D:7)
  2 sky beasts (D:7)
  A phantom (D:4)
  A kobold brigand (D:6)
  2 water moccasin zombies
  A wight (D:6)
  A howler monkey (D:7)
  5 jellies
  A hound (D:5)
  2 iguanas
  Ijyb (D:5)
  Robin (D:3)
  2 adders (D:2)
  6 dart slugs
  An orc (D:6)
  6 ball pythons
  3 endoplasms (D:1)
  4 giant cockroaches
  11 hobgoblins
  3 jackals (D:1)
  8 kobolds
  A quokka (D:1)
  A bat (D:1)
  A frilled lizard (D:1)
  9 goblins
  4 rats
86 creatures vanquished.

Vanquished Creatures (others)
  2 wights (D:6)
  5 jellies
  A centaur zombie (D:7)
  3 bullfrog skeletons
  A centaur skeleton (D:6)
  2 iguanas (D:6)
  A howler monkey skeleton (D:6)
  A white imp (D:6)
  A worm (D:4)
  An orc (D:6)
  An endoplasm (D:2)
  A goblin (D:2)
  A hobgoblin (D:2)
  A ball python (D:3)
  2 bats (D:3)
  A frilled lizard (D:3)
  A kobold (D:2)
  A rat (D:2)
  4 plants (D:5)
31 creatures vanquished.

Grand Total: 117 creatures vanquished

Notes
Turn   | Place    | Note
-------+----------+-------------------------------------------
     0 | D:1      | Crownlay the Hill Orc Fighter began the quest for the Orb.
     0 | D:1      | Reached XP level 1. HP: 19/19 MP: 1/1
    70 | D:1      | Reached skill level 3 in Axes
   100 | D:1      | Reached XP level 2. HP: 23/27 MP: 2/2
   402 | D:1      | Reached XP level 3. HP: 30/33 MP: 3/3
   690 | D:1      | Reached skill level 4 in Axes
  1158 | D:2      | Reached XP level 4. HP: 36/40 MP: 4/4
  1263 | D:2      | Found a faded altar of an unknown god.
  1270 | D:2      | Prayed at the altar of an unknown god.
  1270 | D:2      | Became a worshipper of Jiyva Jikoclic the Shapeless
  1270 | D:2      | Reached * piety under Jiyva
  1671 | D:2      | Noticed Sigmund
  1676 | D:2      | Killed Sigmund
  1677 | D:2      | Reached skill level 5 in Axes
  1677 | D:2      | Reached XP level 5. HP: 42/47 MP: 5/5
  2391 | D:3      | Noticed Robin
  2403 | D:3      | Killed Robin
  2409 | D:3      | Reached skill level 5 in Fighting
  3173 | D:4      | Noticed a necrophage
  3180 | D:4      | Killed a necrophage
  3181 | D:4      | Reached skill level 6 in Axes
  3181 | D:4      | Reached XP level 6. HP: 48/56 MP: 6/6
  3255 | D:4      | Reached skill level 7 in Axes
  3373 | D:4      | Reached ** piety under Jiyva
  3423 | D:4      | You fall into a shaft and drop 3 floors!
  3571 | D:6      | Noticed a shadow
  3577 | D:6      | Killed a shadow
  3578 | D:6      | Reached skill level 8 in Axes
  3578 | D:6      | Reached XP level 7. HP: 61/63 MP: 7/7
  4506 | D:7      | Reached skill level 9 in Axes
  4603 | D:7      | Found a staircase to the Ecumenical Temple.
  4614 | D:7      | Reached XP level 8. HP: 56/71 MP: 8/8
  4635 | Temple   | Entered the Ecumenical Temple
  4874 | Temple   | Fell from the grace of Jiyva
  4874 | Temple   | Became a worshipper of Warmaster Okawaru
  4951 | D:7      | Reached skill level 10 in Axes
  5516 | D:7      | Found Ekhly's Antique Weapon Emporium.
  5577 | D:7      | Found Duewee's Assorted Antiques.
  5580 | D:7      | Bought a scroll labelled IRIUFO CIUF for 24 gold pieces
  5580 | D:7      | Bought a scroll labelled XOKAITHRIOQ for 24 gold pieces
  5580 | D:7      | Bought a scroll labelled XOKAITHRIOQ for 24 gold pieces
  5580 | D:7      | Bought a scroll labelled IRIUFO CIUF for 24 gold pieces
  5582 | D:7      | Found Waud's Lightly-Used Armoury.
  5662 | D:7      | Gained mutation: You have hidden genetic defects.
                  | [mutagenic glow]
  5908 | D:7      | Reached skill level 11 in Axes
  6216 | D:5      | Entered Level 5 of the Dungeon
  6218 | D:5      | Noticed Edmund
  6219 | D:5      | Noticed Ijyb
  6230 | D:5      | Reached * piety under Okawaru
  6232 | D:5      | Killed Ijyb
  6246 | D:5      | Slain by an iguana

Illustrated notes

Levels and vault maps discovered:
D:1:      evilmike_arrival_rings, layout_basic, minmay_door_square,
          minmay_tetromino_s2
D:2:      layout_basic, shapermc_ecumenical_altar_totnotflames, minmay_ruptured,
          uniq_sigmund
D:3:      layout_loops_ring, uniq_robin
D:4:      layout_loops_ring
D:5:      layout_rooms, nicolae_hepliaklqana_hazy_memory,
          grunt_decor_resistance, uniq_ijyb, uniq_edmund
D:6:      layout_loops_ring
D:7:      layout_basic, minmay_temple_entry_trees, serial_shops,
          nicolae_shop_behind_doors, shop, minmay_shop_damaged,
          hangedman_decor_points, minivault_11
Temple:   nicolae_temple_the_god_donut

Skill      XL: |  1  2  3  4  5  6  7  8 |
---------------+-------------------------+-----
Axes           | 3 4 5 6 8 9 11 | 11.2
Fighting       | 4 5 6 8 |  8.0
Shields        | 4 |  4.0
Armour         | |  3.2

Action                   |  1- 3 |  4- 6 |  7- 9 || total
-------------------------+-------+-------+-------++-------
Melee: War axe           |    79 |   112 |   139 ||   330
Armor: Scale mail        |    32 |    34 |    43 ||   109
Dodge: Dodged            |    37 |    47 |    56 ||   140
Block: Buckler           |     8 |    25 |    26 ||    59

Table legend: (Time is in decaauts)
 A = Elapsed time spent in this place.
 B = Non-inter-level travel time spent in this place.
 C = Inter-level travel time spent in this place.
 D = Time resting spent in this place.
 E = Time spent auto-exploring this place.
 F = Levels seen in this place.
 G = Mean time per level.
                   A        B        C        D        E       F      G
               +--------+--------+--------+--------+--------+-----+--------+
         Total |   6297 |   6159 |    138 |      0 |   5439 |   8 |  787.1 |
       Dungeon |   6031 |   5909 |    122 |      0 |   5212 |   7 |  861.6 |
        Temple |    265 |    249 |     16 |      0 |    227 |   1 |  265.0 |
               +--------+--------+--------+--------+--------+-----+--------+

Top non-repeatable levels by time:
     D:7: 1469 daAuts
     D:1: 1169 daAuts
     D:2: 1109 daAuts
     D:6: 1063 daAuts
     D:3: 903 daAuts
     D:4: 288 daAuts
  Temple: 265 daAuts
     D:5: 28 daAuts
